 Dungeon Crawl Stone Soup version 0.11.3 (webtiles) character file.

1994 Antunes the Ducker (level 9, -3/96 HPs)
             Began as a Human Abyssal Knight on July 16, 2013.
             Was an Elder of Lugonu.
             Slain by a sheep (6 damage)
             ... on Level 4 of the Lair of Beasts on July 17, 2013.
             The game lasted 02:24:08 (9536 turns).

Antunes the Ducker (Human Abyssal Knight)           Turns: 9536, Time: 02:24:08

HP  -3/96        AC 10     Str 17      XL: 9   Next: 22%
MP  14/14        EV 13     Int 16      God: Lugonu [****..]
Gold 305         SH  0     Dex 14      Spells:  1 memorised, 10 levels left

Res.Fire  : + + .   See Invis. : .   a - +2,+3 spear {=f}
Res.Cold  : x . .   Warding    : .   w - +0 elf leather armour
Life Prot.: . . .   Conserve   : .   (no shield)
Res.Poison: .       Res.Corr.  : .   v - +2 helmet
Res.Elec. : .       Clarity    : .   (no cloak)
Sust.Abil.: . .     Spirit.Shd : .   H - +0 pair of gloves
Res.Mut.  : .       Stasis     : .   E - +2 pair of boots
Res.Rott. : .       Ctrl.Telep.: .   D - amulet of the gourmand
Gourmand  : +       Levitation : .   b - ring of protection from fire Ctrl.Flight: .
                                     F - ring of fire

@: berserking (expiring), very quick, somewhat resistant to hostile
enchantments, extremely unstealthy
A: berserk 1, magic resistance 1, Dex +1
a: Depart the Abyss, Bend Space, Banish, Corrupt, Renounce Religion


You were on level 4 of the Lair of Beasts.
You worshipped Lugonu.
Lugonu was extremely pleased with you.
You were not hungry.

You visited 4 branches of the dungeon, and saw 18 of its levels.
You visited the Abyss 1 time.

You collected 285 gold pieces.

Dungeon Overview and Level Annotations

Branches:
Dungeon (11/27)            Temple (1/1) D:6            Lair (5/8) D:10
  Snake (1/5) Lair:3
    Orc: D:6-11       Swamp: Lair:3-6    Shoals: Lair:3-6    Spider: Lair:3-6

Altars:
Ashenzari
Cheibriados
Elyvilon
Fedhas
Kikubaaqudgha
Makhleb
Nemelex Xobeh
Trog
Vehumet
Xom
Yredelemnul
Zin
the Shining One
Lugonu

Annotations
D:3 Sigmund
D:4 Eustachio
D:7 Pikel
D:11 Urug


Innate Abilities, Weirdness & Mutations

You are agile (Dex +1).
You tend to lose your temper in combat.
You are resistant to hostile enchantments.


   Skills:
 * Level 3.8 Fighting
 + Level 1.5 Short Blades
 + Level 3.4 Polearms
 + Level 1.2 Throwing
 - Level 2.0 Armour
 + Level 4.9 Dodging
 * Level 3.7 Stealth
 * Level 3.5 Stabbing
 + Level 3.2 Traps & Doors
 * Level 2.4 Spellcasting
 * Level 1.5 Necromancy
 * Level 3.6 Invocations
 * Level 2.6 Evocations


You had 10 spell levels left.
You knew the following spells:

 Your Spells              Type           Power        Failure   Level  Hunger
b - Sublimation of Blood  Necr           ##........   17%         2    ##.....

Inventory:

Hand weapons
 a - a +2,+3 spear (weapon) {=f}
 c - a +3,+2 elven dagger of freezing
 d - a +1,+1 dagger of speed
 j - a +2,+0 halberd
 q - a +1,+1 dagger of protection
 s - a +1,+0 elven dagger
 y - a +2,+2 dagger of draining
Missiles
 n - 31 darts
 z - a dart of frost
 B - 12 darts of flame (quivered)
Armour
 v - a +2 helmet (worn)
 w - a +0 elven leather armour (worn)
 E - a +2 pair of boots (worn)
 H - a +0 pair of gloves (worn)
Magical devices
 e - a wand of flame (11) {unknown}
 f - a wand of slowing (10)
 p - a wand of digging (5)
Comestibles
 u - 5 meat rations
Scrolls
 g - a scroll of immolation {unknown}
 k - a scroll of identify
 m - a scroll of fog
 x - a scroll of teleportation
 I - 2 scrolls of blinking
 J - a scroll of remove curse
 O - 2 scrolls of curse weapon
Jewellery
 b - a ring of protection from fire (right hand)
 r - a +1 ring of protection
 D - an amulet of the gourmand (around neck)
 F - a ring of fire (left hand)
Potions
 o - 7 potions of curing
 t - 3 potions of resistance
 C - a potion of heal wounds
 K - a potion of agility
 N - 2 potions of invisibility
Books
 i - a book of Frost

   Spells                             Type                      Level
   Freeze                             Ice                          1
   Throw Frost                        Conjuration/Ice              2
   Ozocubu's Armour                   Charms/Ice                   3
   Throw Icicle                       Conjuration/Ice              4
   Summon Ice Beast                   Ice/Summoning                4
   Condensation Shield                Ice/Transmutation            4
 G - a book of Death

   Spells                             Type                      Level
   Corpse Rot                         Necromancy                   2
   *Sublimation of Blood              Necromancy                   2
   Agony                              Necromancy                   5
   Dispel Undead                      Necromancy                   5
   Excruciating Wounds                Charms/Necromancy            5
   Bolt of Draining                   Conjuration/Necromancy       6


Message History

The sheep closely misses you.
You are too berserk!
You puncture the sheep!
You kill the sheep!
Lugonu accepts your kill. The sheep barely misses you.
Welcome back, Antunes the Human Abyssal Knight.
Lugonu says: Spread carnage and corruption!
Press ? for a list of commands and other information.
Attack whom?
Press: ? - help, Dir - move target cursor, f - sheep
Aim: a sheep (almost dead)
The sheep is in the way.
You puncture the sheep!
The sheep is severely wounded.
The sheep barely misses you.
You puncture the sheep!
You kill the sheep!
Lugonu accepts your kill. The sheep bites you.
You die...

▒▒·▒·▒···▒▒▒▒ ▒▒·······▒·······
▒·····▒P·f▒·▒▒▒▒f·▒▒▒···········
▒▒··▒···[·^·····▒·▒▒▒▒▒·········
▒········▒··▒·▒······▒▒·····▒·▒▒
▒··▒▒▒▒··▒▒▒▒▒▒▒▒····▒▒·f·····f·
▒▒··▒▒▒▒▒▒ ▒▒·▒····f····▒▒▒
▒▒·▒·▒ ▒ ··········▒▒▒ ▒···▒▒
▒▒▒·▒▒▒▒··▒▒·····▒ ▒▒·▒▒
▒···Y%@▒·P·(····· ▒·▒
▒·····Y▒Y········▒ ▒·▒▒
▒············▒··· ▒▒··▒
▒·······▒▒··▒▒ · ▒··▒▒ ▒▒·····▒
▒▒·▒▒·▒ ▒···▒ ▒▒▒▒▒▒ ▒▒··▒·▒·▒
▒···▒ ▒▒▒ ▒▒▒▒f······▒ ▒▒·▒▒
▒·▒▒▒ ▒·▒·▒▒·▒[P▒▒ ▒▒▒··▒▒▒·▒·▒
▒▒·······▒▒


You could see 3 sheep.

Action                   |  1- 3 |  4- 6 |  7- 9 || total
-------------------------+-------+-------+-------++-------
Melee: Spear             |    41 |    58 |   445 ||   544
       Dagger            |    48 |   239 |    95 ||   382
Throw: Dart              |     3 |       |    23 ||    26
Invok: Banish            |       |       |     6 ||     6
Evoke: Wand              |     1 |     1 |     4 ||     6
  Use: Scroll            |     2 |    12 |     9 ||    23
       Potion            |       |     1 |     9 ||    10

Vanquished Creatures
  A blink frog skeleton (D:9)
  2 ice beasts (D:9)
  A centaur (D:11)
  2 slaves (D:7)
  An ogre (D:9)
  A giant slug (Lair:2)
  A giant frog zombie (D:5)
  A water moccasin (D:7)
  A goliath beetle (D:9)
  2 crimson imps
  4 hounds
  An iguana (Lair:1)
  An orc priest (D:9)
  An orc wizard (D:4)
  2 worker ants
  A porcupine (Lair:2)
  4 sheep (Lair:4)
  Ijyb (D:3)
  A goliath beetle zombie (D:5)
  8 adders
  A giant centipede (Lair:2)
  A gnoll (D:8)
  An adder skeleton (D:6)
  2 giant mites
  An iguana skeleton (D:10)
  An iguana zombie (D:5)
  A green rat (Lair:2)
  2 worms (D:3)
  A bat skeleton (D:4)
  7 giant geckos
  4 oozes
  6 orcs
  8 giant cockroaches
  14 goblins
  5 hobgoblins
  3 jackals (D:7)
  8 kobolds
  2 ball pythons (D:1)
  23 bats
  6 giant newts
  2 giant spores (D:11)
  A hobgoblin zombie (D:5)
  A kobold skeleton (D:5)
  A kobold zombie (D:5)
  An orc skeleton (D:5)
  2 orc zombies
  6 quokkas
  10 rats
  A rat skeleton (D:5)
  A ballistomycete (D:11)
  A fungus (Lair:3)
  A plant (Lair:4)
162 creatures vanquished.

Vanquished Creatures (others)
  A spiny frog (Lair:2)
  An ogre (D:6)
  A crocodile (Lair:4)
  A worker ant (D:11)
  A jelly (D:7)
  An adder (D:11)
  A hobgoblin (D:11)
  A jackal (Lair:1)
  A giant cockroach (D:3)
  A goblin (D:1)
  A kobold (D:4)
11 creatures vanquished.

Grand Total: 173 creatures vanquished

Notes
Turn   | Place    | Note
--------------------------------------------------------------
     0 | Abyss    | Antunes, the Human Abyssal Knight, began the quest for the Orb.
     0 | Abyss    | Reached XP level 1. HP: 16/16 MP: 1/1
    31 | D:1      | You pass through the gate.
    31 | D:1      | Escaped the Abyss.
   184 | D:1      | Reached XP level 2. HP: 20/22 MP: 2/2
   525 | D:1      | Acquired Lugonu's second power
   551 | D:1      | Reached skill level 1 in Stealth
   633 | D:1      | Reached XP level 3. HP: 19/28 MP: 4/4
   635 | D:1      | Reached skill level 1 in Stabbing
   780 | D:1      | Reached skill level 1 in Traps & Doors
  1279 | D:2      | Reached XP level 4. HP: 24/34 MP: 5/5
  1963 | D:3      | Acquired Lugonu's third power
  1991 | D:3      | Reached XP level 5. HP: 34/39 MP: 7/7
  2469 | D:3      | Noticed Ijyb
  2492 | D:3      | Reached XP level 4. HP: 22/34 MP: 5/5
  2493 | D:3      | Reached XP level 5. HP: 24/39 MP: 7/7
  2761 | D:3      | Killed Ijyb
  2968 | D:3      | Reached skill level 1 in Evocations
  3368 | D:3      | Reached skill level 2 in Dodging
  3376 | D:3      | Noticed Sigmund
  3739 | D:5      | Entered Level 5 of the Dungeon
  3765 | D:6      | Noticed a sky beast
  3879 | D:6      | Noticed a sky beast
  4059 | D:5      | Reached skill level 1 in Short Blades
  4059 | D:5      | Reached skill level 2 in Stealth
  4059 | D:5      | Reached skill level 2 in Stabbing
  4059 | D:5      | Reached skill level 2 in Traps & Doors
  4059 | D:5      | Reached XP level 6. HP: 39/46 MP: 8/8
  4239 | D:4      | Noticed Eustachio
  4255 | D:4      | Reached skill level 1 in Spellcasting
  4349 | D:4      | Noticed an ogre
  4425 | D:5      | Reached skill level 3 in Dodging
  4427 | D:5      | Acquired Lugonu's fourth power
  4458 | D:5      | Reached skill level 3 in Invocations
  4458 | D:5      | Reached XP level 7. HP: 32/51 MP: 8/10
  4617 | D:5      | Found a white marble altar of Elyvilon.
  4648 | D:5      | Found a basalt altar of Yredelemnul.
  4692 | D:5      | Found a blossoming altar of Fedhas.
  4997 | D:5      | Noticed an ice beast
  5143 | D:4      | Found a shimmering altar of Xom.
  5661 | D:6      | Found a staircase to the Ecumenical Temple.
  5710 | Temple   | Entered the Ecumenical Temple
  5752 | Temple   | Gained mutation: You are resistant to hostile enchantments. [potion of mutation]
  5752 | Temple   | Gained mutation: You are agile (Dex +1). [potion of mutation]
  5752 | Temple   | Gained mutation: You tend to lose your temper in combat. [potion of mutation]
  6428 | D:7      | Found an ancient bone altar of Kikubaaqudgha.
  6781 | D:6      | Noticed an ogre
  6795 | D:6      | Banished an ogre
  6840 | D:6      | Found a snail-covered altar of Cheibriados.
  7093 | D:7      | Noticed Pikel
  7208 | D:7      | Learned a level 2 spell: Sublimation of Blood
  7618 | D:9      | Found a sparkling altar of Nemelex Xobeh.
  7675 | D:9      | Noticed a blink frog skeleton
  7702 | D:9      | Reached skill level 4 in Dodging
  7702 | D:9      | Reached XP level 8. HP: 56/58 MP: 12/12
  7716 | D:9      | Reached skill level 2 in Evocations
  7727 | D:9      | Killed a blink frog skeleton
  7727 | D:9      | Reached skill level 3 in Polearms
  7727 | D:9      | Reached skill level 1 in Throwing
  7727 | D:9      | Reached skill level 3 in Stabbing
  7777 | D:9      | Reached skill level 3 in Traps & Doors
  8016 | D:9      | Reached skill level 3 in Stealth
  8044 | D:10     | Entered Level 10 of the Dungeon
  8128 | D:11     | Noticed Urug
  8172 | D:11     | Noticed a hill giant
  8448 | D:10     | Found a staircase to the Lair.
  8470 | Lair:1   | Entered Level 1 of the Lair of Beasts
  8578 | Lair:1   | Noticed a spiny frog
  8699 | Lair:2   | Reached skill level 2 in Spellcasting
  8714 | Lair:2   | Noticed a spiny frog
  8715 | Lair:2   | Noticed a spiny frog
  8760 | Lair:2   | Acquired Lugonu's fifth power
  8773 | Lair:2   | Noticed a blink frog
  8773 | Lair:2   | Noticed a blink frog
  8773 | Lair:2   | Noticed a spiny frog
  8774 | Lair:2   | Noticed a blink frog
  8791 | Lair:2   | Banished a spiny frog
  8791 | Lair:2   | Reached skill level 1 in Necromancy
  8791 | Lair:2   | Reached XP level 9. HP: 64/64 MP: 14/14
  8907 | Lair:2   | Noticed a black mamba
  8949 | Lair:3   | Noticed a komodo dragon
  9180 | Lair:3   | Found a staircase to the Snake Pit.
  9213 | Snake:1  | Entered Level 1 of the Snake Pit
  9213 | Snake:1  | Noticed a black mamba
  9213 | Snake:1  | Noticed a black mamba
  9213 | Snake:1  | Noticed a black mamba
  9213 | Snake:1  | Noticed a black mamba
  9398 | Lair:5   | Noticed a spiny frog
  9521 | Lair:4   | HP: 10/64 [sheep (3)]
  9526 | Lair:4   | HP: 13/96 [sheep (2)]
  9531 | Lair:4   | HP: 11/96 [sheep (1)]
  9533 | Lair:4   | HP: 2/96 [sheep (9)]
  9536 | Lair:4   | Slain by a sheep

Vault maps used:
D:1:      entry_zaba_pyramid
D:2:      lemuel_another_geyser
D:3:      serial_bayou_shore_a, roderic_serpentine_path, uniq_sigmund, uniq_iyjb
D:4:      tgw_xom, first_bread, uniq_eustachio
D:5:      overflow_temple_1_default, elyvilon_altar_3, serial_undead,
          serial_undead_d, serial_undead_f, serial_undead_a, serial_undead_c,
          fedhas_altar_4
D:6:      cheibriados_altar_1, trog_wizard, minmay_temple_entry_spiral
D:7:      okawaru_ov_weapons_minmay, general_overflow_altar, tgw_sif, uniq_pikel
D:8:      zaba_anthole
D:9:      overflow_temple_1_default
D:10:     special_room, spider_trap, minmay_rotating_lava, david_orc_3,
          lair_0_dummy
D:11:     hangedman_stone_soup, uniq_urug, uniq_fannar
Temple:   corrupted_temple_6
Lair:4:   roderic_ravens_nest
Lair:5:   shoals_dummy_entry
